 Dungeon Crawl Stone Soup version 0.30.1-4-g462c640d31 (webtiles) character file.

Game seed: 17722892541513290681

30 growler the Trooper (level 3, 28/29 HPs)
             Began as a Demonspawn Gladiator on Aug 15, 2023.
             Quit the game on level 1 of the Dungeon.
             The game lasted 00:01:08 (510 turns).

growler the Trooper (Demonspawn Gladiator)           Turns: 510, Time: 00:01:08

Health: 28/29      AC:  5    Str: 14    XL:     3   Next: 3%
Magic:  3/3        EV: 12    Int: 11    God:
Gold:   20         SH:  0    Dex: 14    Spells: 2/2 levels left

rFire   . . .        a - +0 flail
rCold   . . .        (no shield)
rNeg    . . .        b - +0 leather armour
rPois   .            c - +0 helmet
rElec   .            (no cloak)
rCorr   .            f - +0 pair of gloves
SInv    .            (no boots)
Will    .....        (no amulet)
Stlth   +            (no ring)
HPRegen 0.24/turn    (no ring)
MPRegen 0.08/turn

%: no passive effects
@: no status effects
A: ignite blood 1, spiny 1
a: no special abilities


You were on level 1 of the Dungeon.
You visited 1 branch of the dungeon, and saw 1 of its levels.

You collected 20 gold pieces.

Inventory:

Hand Weapons
 a - a +0 flail (weapon)
Missiles
 d - 3 throwing nets (quivered)
 e - a javelin
Armour
 b - a +0 leather armour (worn)
 c - a +0 helmet (worn)
 f - a +0 pair of gloves (worn)
Scrolls
 g - a scroll of blinking {unknown}


   Skills:
 + Level 3.5 Fighting
 - Level 2.6 Maces & Flails
 - Level 1.7 Throwing
 - Level 2.6 Dodging


You had 2 spell levels left.
You didn't know any spells.
Your spell library was empty.

Dungeon Overview and Level Annotations

Branches:
Dungeon (1/15)

Altars:


Innate Abilities, Weirdness & Mutations

Your demonic aura sometimes causes spilled blood to erupt in flames.
You are partially covered in sharp spines.


Message History

There is a shaft here.
You now have 20 gold pieces (gained 12).
A giant cockroach comes into view.
The giant cockroach bites you but does no damage.
You sock the giant cockroach!
You kill the giant cockroach!
Found a stone staircase leading down.
Found a sling.
An endoplasm comes into view.
An endoplasm is nearby!
You see here a +0 sling.
No target in view!
No target in view!
The endoplasm is struck by your spines. The endoplasm hits you.
You sock the endoplasm!
You kill the endoplasm!
No target in view!
You see here a +0 sling.
A rat comes into view.
Found a blue potion.
A rat is nearby!
A hobgoblin and a rat come into view.
The hobgoblin shouts!
You sock the rat!
You kill the rat!
Found 15 gold pieces.
The rat barely misses you.
You barely miss the rat. The rat is struck by your spines. The rat bites you.
You closely miss the rat.
The rat is severely wounded.
The hobgoblin is struck by your spines. The hobgoblin barely misses you.
The rat is struck by your spines.
You kill the rat!
You have reached level 3!
Your experience leads to an increase in your attributes!
Increase (S)trength, (I)ntelligence, or (D)exterity?
You feel clever. x2; Your demonic ancestry asserts itself...
Your blood heats up.
You sock the hobgoblin!
You kill the hobgoblin!
Are you sure you want to abandon this character and quit the game? (Confirm with "yes".)

#.###.# #$.....#
##.#.## #......#
#.#.#.# #......#
##.#.## #......##
#.###.# #..
#...!...# ##.#.##
#### #..
.##.......# #.#.#.#
#... #.# .........#
##.#.## ##.. #.#
#....@.# #.###.#
#..# #.# #.....###
##.#.## #..# #.#
#####...# #.#.#.#
#...
#.#######......#
##.#.## #.##
####.#.......##.###
#.###.# #.#
#......########.#
##.#.## #.##
#.#.#### #..
#.#.#.# #.## #.#.#
##.# ##.#.## #.##
#.#.# ..... #.#
#.###.# ####


There were no monsters in sight!

Vanquished Creatures
  3 ball pythons (D:1)
  2 endoplasms (D:1)
  A giant cockroach (D:1)
  2 goblins (D:1)
  4 hobgoblins (D:1)
  2 jackals (D:1)
  2 kobolds (D:1)
  A quokka (D:1)
  3 bats (D:1)
  A frilled lizard (D:1)
  5 rats (D:1)
26 creatures vanquished.

Notes
Turn   | Place    | Note
-------+----------+-------------------------------------------
     0 | D:1      | growler the Demonspawn Gladiator began the quest for the
                  | Orb.
     0 | D:1      | Reached XP level 1. HP: 16/16 MP: 1/1
     6 | D:1      | Noticed a rime drake
     7 | D:1      | Noticed a killer bee
     7 | D:1      | Noticed a black mamba
   137 | D:1      | Gained mutation: You are partially covered in sharp spines.
                  | [demonic ancestry]
   137 | D:1      | Reached XP level 2. HP: 23/23 MP: 2/2
   221 | D:1      | Reached skill level 3 in Fighting
   509 | D:1      | Gained mutation: Your demonic aura sometimes causes spilled
                  | blood to erupt in flames. [demonic ancestry]
   509 | D:1      | Reached XP level 3. HP: 28/29 MP: 3/3
   510 | D:1      | Quit the game

Illustrated notes

Levels and vault maps discovered:
D:1:      onia_arrival_zoo_common, layout_rooms, minmay_misc_feat_x,
          roderic_roman_lattice, patterned_corridor

Skill      XL: |  1  2 |
---------------+-------+-----
Fighting       | 3 |  3.5
Maces & Flails | |  2.6
Throwing       | |  1.7
Dodging        | |  2.6

Action                     || total
---------------------------++-------
  Melee: Flail             ||    41
 Armour: Leather armour    ||    11
  Dodge: Dodged            ||    28
